AoeStats
← geebo

Arabia

509676951Analyzed
1v1 RM · 3d ago on Sep 27, 2026· 35m 32s· 2 players
Game mode
Random Map
Map size
Tiny (2 player)
Population
200
Speed
Normal
Resources
Standard
Victory
Conquest
Starting age
Dark Age
Ending age
Imperial Age
RankedLock teamsTeams togetherTeam positionsShared explorationLock speedFull tech treeHidden civsTurbo modeCheats
Victory
Defeat
🇷🇸 Lithuanians · Serbia
1003
+16
🇺🇸 Malay · United States
1007
-16
nightmare
7:41 Loom
10:17 Feudal Age
17:26 Castle Age
16:29 Double-Bit Axe
17:09 Horse Collar
18:38 Forging
22:49 Bloodlines
23:27 Husbandry
24:49 Iron Casting
29:01 Scale Barding Armor
32:16 Chain Barding Armor
33:06 Bow Saw
33:32 Wheelbarrow
32:43 Town Watch
34:57 Crossbowman
35:40 Fletching
geebo
8:07 Loom
10:47 Feudal Age
11:17 Man-at-Arms
13:34 Double-Bit Axe
13:31 Horse Collar
22:43 Castle Age
20:43 Gold Mining
21:19 Fletching
22:33 Wheelbarrow
22:15 Padded Archer Armor
22:37 Heavy Plow
23:07 Bodkin Arrow
22:36 Crossbowman
24:47 Squires
29:20 Pikeman
34:09 Bow Saw
34:11 Town Watch
35:52 Heavy Plow
36:07 Forging
Connection lost

Rejoining the realm…

Still unreachable

The connection could not be restored.

Session expired

The server has moved on; the page needs a fresh start.